 Dungeon Crawl Stone Soup version bcrawl-1.19.2-6-g6a88ae04c9 (webtiles) character file.

Game seed: 6043143273203831611

226 Mrkan the Skirmisher (level 6, -7/66 HPs)
             Began as an Ogre Fighter on Dec 31, 2019.
             Mangled by an orc warrior
             ... wielding a +0 trident
              (19 damage)
             ... on level 3 of the Dungeon.
             The game lasted 00:03:23 (3063 turns).

Mrkan the Skirmisher (Ogre Fighter)                 Turns: 3063, Time: 00:03:23

Health: -7/66      AC:  3    Str: 21    XL:     6   Next: 1%
Magic:  6/6        EV:  8    Int:  9    God:
Gold:   240        SH:  9    Dex: 10    Spells: 5/5 levels left

rFire    . . .     SeeInvis .   a - +0 flail
rCold    . . .     Gourm    .   c - +0 shield
rNeg     . . .     Faith    .   b - +0 robe
rPois    .         Spirit   .   (helmet restricted)
rElec    .         Reflect  .   (no cloak)
rCorr    .         Harm     .   (gloves unavailable)
MR       .....                  (boots unavailable)
Stlth    +.........             (no amulet)
HPRegen  0.21/turn              (no ring)
MPRegen  0.10/turn              (no ring)

@: no status effects
A: large, unfitting armour, tough skin 1
a: no special abilities


You were on level 3 of the Dungeon.
You were not hungry.

You visited 1 branch of the dungeon, and saw 3 of its levels.

You collected 240 gold pieces.

Inventory:

Hand Weapons
 a - a +0 flail (weapon)
Armour
 b - a +0 robe (worn)
 c - a +0 shield (worn)
Jewellery
 h - a +4 ring of strength {unknown}
 n - an uncursed ring of ice {unknown}
 p - a +2 amulet of reflection {unknown}
 t - an uncursed ring of stealth {unknown}
Wands
 y - a wand of paralysis (8)
Scrolls
 i - a scroll of noise {unknown}
 k - 3 scrolls of teleportation {unknown}
 m - a scroll of enchant armour {unknown}
 o - a scroll of amnesia {unknown}
 r - 4 scrolls of remove curse {unknown}
 u - 2 scrolls of blinking {unknown}
 v - a scroll of fear {unknown}
 w - a scroll of magic mapping {unknown}
 x - 2 scrolls of identify {unknown}
Potions
 d - a potion of might
 e - 3 potions of lignification {unknown}
 g - a potion of mutation {unknown}
 j - 4 potions of curing {unknown}
 l - a potion of haste {unknown}
 q - a potion of invisibility {unknown}
 s - a potion of flight {unknown}
Comestibles
 f - 4 rations {!d}


   Skills:
 + Level 5.4 Fighting
 * Level 5.4 Maces & Flails
 - Level 2.6 Dodging
 + Level 3.7 Shields


You had 5 spell levels left.
You didn't know any spells.
Your spell library was empty.

Dungeon Overview and Level Annotations

Branches:
Dungeon (3/12)

Altars:
The Shining One

Annotations:
D:3 Natasha


Innate Abilities, Weirdness & Mutations

You are too large for most types of armour.
You have tough skin. (AC +1)


Message History

Natasha stares at you and mumbles some strange words.
The magic dart hits you! The shadow imp hits you.
The orc warrior hits you from afar with a +0 trident!
The crimson imp hits you.
You thump Natasha!
Natasha is almost dead.
Natasha casts a spell at you. You resist with some effort.
The shadow imp completely misses you. You block the orc warrior's attack.
The crimson imp hits you.
Natasha stares at you and mumbles some strange words.
The magic dart hits you!
* * * LOW HITPOINT WARNING * * *
You closely miss Natasha.
Natasha is severely wounded.
The shadow imp hits you.
* * * LOW HITPOINT WARNING * * *
The orc priest hits you with a +0 falchion.
* * * LOW HITPOINT WARNING * * *
The orc warrior hits you from afar with a +0 trident!!
You die...

# #.##.#. # .# #.##.#. +
..... .## #.##...
########...... ... #.###..
....)..+....... ..# #.....>
..######......# #..# .#
####.## ..'...#
(.....####..# ..# #.#
..###.# .....oo...# #..#
#.# ..#
.#####..5@.##...##..# #.#
###
........5h##.....##..##.##
##
#######...##.......##.....#
.# ?.......###
..._....###...# .#
###.###...##.......##...###
.# #........##.....##..###
.# #.#####'..##...'#..## .#
#.#..## ##..## .#
#.##..###..##


You could see an orc warrior, an orc priest, Natasha, a crimson imp and a shadow
imp.

Vanquished Creatures
  An orc wizard (D:3)
  Jessica (D:3)
  Terence (D:2)
  Natasha (D:3)
  4 adders
  An ooze (D:1)
  2 worms (D:2)
  A dart slug (D:1)
  7 leopard geckos
  A ball python (D:3)
  3 giant cockroaches
  7 goblins
  11 hobgoblins
  4 jackals (D:3)
  7 kobolds
  A quokka (D:2)
  5 bats
  5 frilled lizards
  5 rats
68 creatures vanquished.

Notes
Turn   | Place    | Note
-------+----------+-------------------------------------------
     0 | D:1      | Mrkan the Ogre Fighter began the quest for the Orb.
     0 | D:1      | Reached XP level 1. HP: 24/24 MP: 1/1
    79 | D:1      | Reached XP level 2. HP: 17/32 MP: 2/2
   613 | D:1      | Reached XP level 3. HP: 40/40 MP: 3/3
  1197 | D:2      | Noticed Terence
  1202 | D:2      | Killed Terence
  1202 | D:2      | Reached XP level 4. HP: 43/49 MP: 4/4
  2150 | D:3      | Reached skill level 5 in Fighting
  2174 | D:3      | Reached XP level 5. HP: 19/57 MP: 5/5
  2446 | D:3      | Noticed Jessica
  2452 | D:3      | Killed Jessica
  2452 | D:3      | Reached skill level 5 in Maces & Flails
  2571 | D:3      | Noticed Natasha
  2582 | D:3      | Killed Natasha
  2730 | D:3      | Noticed an orc warrior
  2995 | D:3      | Reached XP level 6. HP: 57/66 MP: 6/6
  3043 | D:3      | Found a glowing golden altar of the Shining One.
  3056 | D:3      | Noticed Natasha
  3063 | D:3      | Mangled by an orc warrior

Skill      XL: |  1  2  3  4  5 |
---------------+----------------+-----
Maces & Flails | 3 4 5 |  5.4
Shields        | 3 |  3.7
Fighting       | 5 |  5.4
Dodging        | |  2.6

Action                   |  1- 3 |  4- 6 || total
-------------------------+-------+-------++-------
Melee: Flail             |    98 |   149 ||   247
  Eat: Chunk             |     1 |     6 ||     7
Armor: Robe              |    31 |    42 ||    73
Dodge: Dodged            |    50 |    62 ||   112
Block: Shield            |    56 |    68 ||   124
